Map: Battle on the Boardwalk LE

Players

Echo - Winner!

  • Race: Zerg Zerg
  • League: Platinum
  • Spawn Location: 11:00

axu

  • Race: Protoss Protoss
  • League: Platinum
  • Spawn Location: 1:00

VOD

Have the link to the VOD?

Description

Time

  • Played on: Dec. 24, 2017, 11:32 a.m.
  • Length: 6:00
Show
View Real Time Build Order
Export as new Build Order

Echo Zerg - Winner!

Build Orders: Hatch First 

Get SALT Encoding   

  12  0:02  Drone  
  13  0:13  Overlord  
  13  0:20  Drone  
  14  0:32  Drone x2  
  16  0:35  Drone  
  17  0:56  Drone  
  18  1:08  Hatchery  
  17  1:13  Spawning Pool  
  17  1:14  Drone, Extractor  
  16  1:19  Drone  
  16  1:22  Drone  
  18  1:31  Overlord  
  18  2:02  Drone x2  
  18  2:03  Drone, Roach Warren  
  18  2:04  Queen  
  22  2:21  Queen  
  24  2:28  Metabolic Boost  
  24  2:31  Extractor  
  24  2:32  Overlord  
  23  2:53  Roach x2  
  23  2:58  Zergling x2  
  28  3:09  Drone x5  
  33  3:17  Overlord  
  33  3:29  Overlord  
  33  3:40  Roach x3  
  33  3:41  Roach x2  
  43  3:47  Ravager  
  44  3:53  Zergling x6  
  44  3:54  Zergling x2  
  48  4:10  Overlord x2  
  48  4:12  Drone x3  
  48  4:17  Spore Crawler  
  50  4:21  Spore Crawler  
  49  4:24  Ravager x2  
  49  4:25  Ravager  
  51  4:56  Zergling x2  
  51  4:57  Zergling x12  
  57  5:09  Drone x4  
Show
View Real Time Build Order
Export as new Build Order

axu Protoss 

Build Orders: 1 Gate Expand, Blink Stalkers 

Get SALT Encoding   

  12  0:01  Probe  
  13  0:13  Probe  
  14  0:19  Pylon  
  14  0:25  Probe  
  15  0:37  Probe  
  16  0:54  Gateway, Probe  
  17  0:58  Assimilator  
  17  1:06  Probe  
  18  1:19  Probe  
  19  1:31  Probe  
  20  1:37  Nexus  
  20  1:44  Gateway  
  20  1:49  Cybernetics Core  
  20  1:58  Pylon  
  20  2:02  Probe  
  21  2:12  Assimilator  
  21  2:15  Probe  
  22  2:22  Pylon  
  22  2:23  Warp Gate (Chrono Boost)  
  22  2:30  Stalker  
  22  2:31  Stalker  
  26  2:48  Probe  
  27  2:55  Twilight Council  
  27  2:59  Gateway  
  27  3:00  Probe  
  28  3:12  Stalker x2 (Chrono Boost)  
  31  3:20  Probe  
  32  3:33  Blink (Chrono Boost)  
  32  3:41  Pylon  
  32  4:01  Gateway  
  32  4:18  Stalker x3  
  38  4:25  Pylon  
  38  4:29  Pylon  
  38  4:34  Pylon  
  38  4:37  Forge  
  38  4:44  Stalker x2  
  38  5:04  Stalker  
  40  5:08  Adept  
  34  5:42  Stalker x4  
Tags
 
Add a new tag
Caveats
  • Supply blocks, unpowered buildings, or Contaminate may cause inaccurate times.
  • Supply counts are checked every 10 seconds.